 Dungeon Crawl Stone Soup version 0.25-a0-479-g8579842fd4 (webtiles) character file.

Game seed: 4669267465518692476, levelgen mode: deterministic

26 HawFromDerth the Grave Robber (level 2, -9/15 HPs)
             Began as a Deep Elf Necromancer on Feb 9, 2020.
             Mangled by an orc warrior
             ... wielding a +0 war axe
              (24 damage)
             ... on level 2 of the Dungeon.
             The game lasted 00:04:41 (1551 turns).

HawFromDerth the Grave Robber (DENe)                Turns: 1551, Time: 00:04:41

Health: -9/15      AC:  2    Str:  5    XL:     2   Next: 89%
Magic:  8/8        EV: 13    Int: 19    God:
Gold:   18         SH:  0    Dex: 15    Spells: 6/8 levels left

rFire    . . .     SeeInvis .   (no weapon)
rCold    . . .     Gourm    .   (no shield)
rNeg     . . .     Faith    .   a - +0 robe
rPois    .         Spirit   .   (no helmet)
rElec    .         Reflect  .   (no cloak)
rCorr    .         Harm     .   (no gloves)
MR       .....                  (no boots)
Stlth    ++........             (no amulet)
HPRegen  0.05/turn              (no ring)
MPRegen  0.11/turn              (no ring)

@: no status effects
A: no striking features
a: no special abilities


You were on level 2 of the Dungeon.
You were near starving.

You visited 1 branch of the dungeon, and saw 2 of its levels.

You collected 18 gold pieces.

Inventory:

Armour
 a - a +0 robe (worn)
Jewellery
 d - a +3 ring of strength {unknown}
Scrolls
 e - a scroll of blinking {unknown}
Potions
 b - a potion of berserk rage {unknown}
Comestibles
 c - 4 rations


   Skills:
 + Level 2.4 Dodging
 + Level 2.4 Stealth
 + Level 3.9 Spellcasting
 + Level 5.5 Necromancy


You had 6 spell levels left.
You knew the following spells:

 Your Spells              Type           Power        Failure   Level  Hunger
a - Pain                  Necr           ###.         1%          1    None
b - Animate Skeleton      Necr           N/A          1%          1    None

Your spell library contained the following spells:

 Spells                   Type           Power        Failure   Level  Hunger
 Vampiric Draining        Necr           ###.......   4%          3    ###....
 Animate Dead             Necr           N/A          14%         4    ####...
 Agony                    Necr           ###.....     38%         5    ######.


Dungeon Overview and Level Annotations

Branches:
Dungeon (2/15)

Altars:


Message History

The orc wizard looks braver for a moment.
There is a stone staircase leading up here.
Casting: Pain (safe; 1% risk of failure)
Confirm with . or Enter, or press ? or * to list all spells.
You don't know that spell.
You climb upwards.
There is a stone staircase leading down here.
You start resting.
Magic restored.
You start resting.
You are feeling very hungry.
You start resting.
You are near starving!
You start resting.
HP restored.
There is a stone staircase leading down here.
You climb downwards.
The orc warrior hits you with a +0 war axe!!
Ouch! That really hurt!
You die...

###############
...............
.......@......#
...#.>o.......#
..............#
.....$..o.....#
...#.....(.!..#
.. #..$o......#
# ...........#
#...........#
#..##########


You could see an orc warrior, an orc priest and an orc wizard.

Vanquished Creatures
  An ooze (D:1)
  2 dart slugs (D:1)
  2 leopard geckos (D:1)
  A goblin (D:1)
  2 hobgoblins (D:1)
  3 kobolds (D:1)
  2 bats (D:1)
  2 frilled lizards (D:1)
  A rat (D:1)
16 creatures vanquished.

Vanquished Creatures (collateral kills)
  2 rats (D:1)
2 creatures vanquished.

Grand Total: 18 creatures vanquished

Notes
Turn   | Place    | Note
-------+----------+-------------------------------------------
     0 | D:1      | HawFromDerth the Deep Elf Necromancer began the quest for
                  | the Orb.
     0 | D:1      | Reached XP level 1. HP: 10/10 MP: 6/6
    12 | D:1      | Learned a level 1 spell: Animate Skeleton
    24 | D:1      | Reached skill level 5 in Necromancy
   259 | D:1      | Reached XP level 2. HP: 14/15 MP: 4/8
  1268 | D:2      | Noticed an orc warrior
  1551 | D:2      | Mangled by an orc warrior

Levels and vault maps discovered:
D:1:      dpeg_arrival_tiny_k, layout_basic
D:2:      minmay_recursive_quarters, layout_rooms, minmay_box_of_dots

Skill      XL: |  1 |
---------------+----+-----
Necromancy     | 5 |  5.5
Dodging        | |  2.4
Stealth        | |  2.4
Spellcasting   | |  3.9

Action                   || total
-------------------------++-------
 Cast: Pain              ||    33
       Animate Skeleton  ||     8
Armor: Robe              ||     1
Dodge: Dodged            ||     2

Table legend:
 A = Non-vault XP
 B = Vault XP
 C = Vault XP percentage of total XP
 D = Non-vault monster count
 E = Vault monster count
 F = Vault count percentage of total count
                 A         B        C        D         E       F
            +---------+---------+-------+---------+---------+-------
      Total |      38 |       0 |   0.0 |      18 |       0 |   0.0
            +---------+---------+-------+---------+---------+-------
        D:1 |      38 |       0 |   0.0 |      18 |       0 |   0.0
            +---------+---------+-------+---------+---------+-------
